AoeStats
← Adrijiga

MegaRandom

508077812Analyzed
3v3 RM · 12d ago on Sep 20, 2026· 38m 31s· 6 players
Game mode
Random Map
Map size
Normal (6 player)
Population
200
Speed
Normal
Resources
Standard
Victory
Conquest
Starting age
Dark Age
Ending age
Imperial Age
RankedLock teamsTeams togetherTeam positionsShared explorationLock speedFull tech treeHidden civsTurbo modeCheats
Victory
Defeat
🇸🇪 Celts · Sweden
1350
+13
🇪🇸 Persians · Spain
1346
+13
🇮🇪 Hindustanis · Ireland
1311
+15
🇫🇷 Cumans · France
1372
-17
🇫🇷 Bengalis · France
1297
-14
🇫🇷 Lithuanians · France
1184
-10
TartineMiamMiam
5:12 Loom
10:14 Feudal Age
8:30 Loom
10:15 Man-at-Arms
10:45 Double-Bit Axe
16:09 Fletching
22:53 Castle Age
21:28 Gold Mining
21:59 Padded Archer Armor
23:37 Bodkin Arrow
25:01 Bow Saw
25:38 Leather Archer Armor
26:41 Ballistics
26:13 Crossbowman
32:12 Wheelbarrow
31:23 Town Watch
35:51 Paiks
36:57 Hand Cart
37:42 Horse Collar
nanoushka
7:02 Loom
9:25 Feudal Age
9:57 Double-Bit Axe
11:05 Horse Collar
19:26 Scale Barding Armor
19:31 Forging
21:23 Castle Age
22:24 Bow Saw
22:55 Heavy Plow
23:05 Husbandry
24:08 Wheelbarrow
25:29 Chain Barding Armor
36:49 Imperial Age
35:06 Iron Casting
37:04 Gold Mining
Chili
7:48 Loom
10:13 Feudal Age
10:25 Man-at-Arms
11:28 Double-Bit Axe
17:52 Arson
18:34 Town Watch
21:33 Castle Age
19:59 Scale Mail Armor
19:57 Fletching
21:09 Gold Mining
22:09 Bodkin Arrow
23:01 Bow Saw
24:44 Bloodlines
27:11 Ballistics
26:58 Padded Archer Armor
28:56 Thumb Ring
31:18 Leather Archer Armor
Adrijiga
9:50 Feudal Age
8:23 Loom
9:10 Loom
14:40 Castle Age
13:19 Double-Bit Axe
19:42 Horse Collar
21:17 Bloodlines
23:00 Wheelbarrow
24:22 Bow Saw
24:58 Hand Cart
24:42 Gold Mining
25:59 Heavy Plow
27:35 Gold Shaft Mining
27:19 Scale Barding Armor
28:06 Husbandry
29:31 Caravan
32:38 Imperial Age
31:10 Forging
31:20 Chain Barding Armor
30:41 Light Cavalry
32:42 Iron Casting
32:19 Heavy Camel Rider
33:28 Conscription
34:00 Plate Barding Armor
33:10 Hussar
33:40 Cavalier
35:58 Blast Furnace
36:54 Town Watch
37:34 Town Patrol
37:36 Savar
Squirrel of DEATH
11:12 Feudal Age
10:38 Loom
14:59 Castle Age
13:30 Double-Bit Axe
16:09 Bow Saw
19:40 Horse Collar
24:59 Wheelbarrow
26:36 Scale Mail Armor
27:58 Forging
28:18 Gold Mining
28:59 Chain Mail Armor
29:25 Heavy Plow
30:46 Hand Cart
40:38 Imperial Age
39:29 Iron Casting
TheBlackStuff
7:36 Loom
9:42 Feudal Age
12:55 Horse Collar
15:58 Double-Bit Axe
23:11 Castle Age
21:59 Gold Mining
22:34 Bloodlines
23:14 Light Cavalry
24:47 Husbandry
26:52 Scale Barding Armor
27:20 Forging
28:41 Bow Saw
28:32 Heavy Plow
31:35 Wheelbarrow
36:02 Gold Shaft Mining
36:30 Caravan
Connection lost

Rejoining the realm…

Still unreachable

The connection could not be restored.

Session expired

The server has moved on; the page needs a fresh start.